 Dungeon Crawl Stone Soup version 0.31-a0-705-ga145531891 (webtiles) character file.

Game seed: 1611132571990973198

4383 Fodor the Basher (level 10, 0/86 HPs)
             Began as a Minotaur Fighter on Sept 8, 2023.
             Was an Initiate of Gozag.
             Slain by a sun demon (19 damage)
             ... on level 9 of the Dungeon on Sept 9, 2023.
             The game lasted 00:51:55 (8305 turns).

Fodor the Basher (Minotaur Fighter)                 Turns: 8305, Time: 00:51:56

Health: 0/86       AC: 19    Str: 25      XL:     10   Next: 13%
Magic:  9/9        EV: 10    Int:  3 (5)  God:    Gozag
Gold:   600        SH:  0    Dex: 10      Spells: 9/9 levels left

rFire   . . .        H - +2 morningstar
rCold   . . .        (no shield)
rNeg    + . .        t - +2 chain mail {Will+}
rPois   .            (helmet restricted)
rElec   .            c - +1 cloak
rCorr   .            b - +2 pair of gloves
SInv    .            (no boots)
Will    +....        (no amulet) Stlth
                     m - ring of positive energy
HPRegen 0.34/turn    (no ring)
MPRegen 0.11/turn

%: no passive effects
@: attractive, hasted, very quick
A: horns 2, retaliatory headbutt
a: Renounce Religion, Potion Petition, Call Merchant, Bribe Branch


You were on level 9 of the Dungeon.
You worshipped Gozag.
Gozag was pleased with you.
You visited 2 branches of the dungeon, and saw 10 of its levels.

You collected 861 gold pieces.
You spent 126 gold pieces at shops.
You paid 135 gold pieces to Gozag.

Inventory:

Hand Weapons
 k - a +3 flail of protection
 q - a +2 orcbow of draining
 v - a +0 scythe
 H - a +2 morningstar (weapon)
Missiles
 f - 20 poisoned darts (quivered)
 D - 2 boomerangs
Armour
 b - a +2 pair of gloves (worn)
 c - a +1 cloak (worn)
 e - a +0 kite shield
 t - a +2 chain mail of willpower (worn)
 w - a +0 plate armour
 E - +0 acid dragon scales
Jewellery
 m - a ring of positive energy (left hand)
 s - an amulet of guardian spirit
Talismans
 r - a blade talisman
 y - a flux talisman
Wands
 x - a wand of polymorph (15)
 A - a wand of roots (11)
 C - a wand of flame (19)
Scrolls
 g - 2 scrolls of revelation {unknown}
 h - a scroll of identify
 i - 2 scrolls of immolation {unknown}
 j - 3 scrolls of poison
 n - 3 scrolls of blinking
 o - 2 scrolls of fear
 u - 6 scrolls of teleportation
 B - a scroll of amnesia
Potions
 a - 2 potions of curing {unknown}
 d - a potion of might
 l - 2 potions of attraction
 z - a potion of enlightenment {unknown}
 F - a potion of lignification {unknown}
 G - a potion of invisibility {unknown}


   Skills:
 + Level 7.0 Fighting
 + Level 3.5 Long Blades
 + Level 2.7(7.4) Axes
 + Level 10.8(11.0) Maces & Flails
 + Level 1.4 Throwing
 + Level 9.0 Armour
 + Level 3.7 Dodging
 + Level 1.0 Stealth
 + Level 7.8 Shields


You had 9 spell levels left.
You didn't know any spells.
Your spell library contained the following spells:

 Spells                   Type           Power      Damage    Failure   Level
 Cigotuvi's Dreadful Rot  Necr/Pois/Air  0%         N/A       98%         2
 Dispel Undead            Necr           0%         3d6       100%        4
 Death Channel            Necr           0%         N/A       100%        6


Dungeon Overview and Level Annotations

Branches:
Dungeon (9/15)             Temple (1/1) D:7
   Lair: D:8-11         Orc: D:9-12

Altars:
Ashenzari
Cheibriados
Dithmenos
Elyvilon
Fedhas
Gozag
Hepliaklqana
Kikubaaqudgha
Makhleb
Nemelex Xobeh
Okawaru
Qazlal
Ru
Sif Muna
Trog
Uskayaw
Vehumet
Wu Jian
Xom
Yredelemnul
Zin
The Shining One

Shops:
D:4 (   D:5 [   D:7 :

Annotations:
D:4 3 runed translucent doors, Age's ghost, weakling MiFi; GoodGuyCap's ghost, amateur OpSh; HilariousDeathArtist's ghost, amateur DgIE


Innate Abilities, Weirdness & Mutations

You have a pair of horns on your head.
You reflexively headbutt those who attack you in melee.


Message History

You headbutt the sun demon! You closely miss the sun demon.
The sun demon is heavily wounded.
The sun demon hits you!!
You are engulfed in flames!
You closely miss the sun demon. You headbutt the sun demon!
The sun demon is severely wounded.
The ufetubus hits you but does no damage.
The ufetubus hits you.
The sun demon hits you but does no damage.
The neqoxec gestures at you.
You feel dopey. Something feeds on your intellect!
The ufetubus hits you but does no damage.
The ufetubus barely misses you.
You closely miss the sun demon.
The sun demon is severely wounded.
The sun demon hits you but does no damage.
The ufetubus hits you but does no damage. x2
The sun demon barely misses you.
You thump the sun demon!
You headbutt the sun demon, but do no damage.
The sun demon is almost dead.
The ufetubus barely misses you. You furiously retaliate!
You headbutt the ufetubus, but do no damage.
The ufetubus closely misses you. The sun demon hits you!
You are engulfed in flames!
* * * LOW HITPOINT WARNING * * *
The ufetubus barely misses you. The ufetubus completely misses you.
The ufetubus shouts!
It was a potion of attraction.
You feel attractive to monsters.
You hear a shout!
The ufetubus hits you but does no damage.
The ufetubus closely misses you. The sun demon closely misses you.
It was a potion of haste.
You feel yourself speed up. The ufetubus hits you.
* * * LOW HITPOINT WARNING * * *
The ufetubus hits you but does no damage.
The sun demon hits you!!
You die...
Your body crumbles into a pile of gold.

#######.#.#.# #.##.#
#.##.# ## #.##.# #.#
#>##.######. #.#
##########...........
#.##.........5##.##.....
#....#######5##.# ####
##..555353F3@##.#
#....##########.#
#.##.## #.# #.# #.. ...
#.# #.#. ... #D #..## #
..# 3K.


You could see a sun demon, a neqoxec, a ynoxinul, a bullfrog, a quasit and 4
ufetubi.

Vanquished Creatures
  Maggie (D:7)
  Prince Ribbit (D:8)
  A hornet (D:8)
  Sigmund (D:5)
  A wraith (D:9)
  A wyvern (D:5)
  A steam dragon (D:7)
  Edmund (D:4)
  2 water moccasins (D:7)
  2 ice beasts (D:5)
  An orc warrior (D:8)
  A sky beast (D:8)
  A black bear (D:5)
  An ogre (D:6)
  A centaur (D:7)
  A kobold brigand (D:8)
  Blork the orc (D:4)
  5 scorpions
  4 bullfrogs
  A gnoll sergeant (D:6)
  8 wights (D:8)
  3 howler monkeys
  3 hounds
  A jelly (D:8)
  3 orc priests
  2 sleepcaps
  Natasha (twice) (D:3)
  9 orc wizards
  2 iguanas
  6 gnolls
  6 adders
  A white imp (D:6)
  An ufetubus (D:6)
  3 worms
  2 dart slugs
  33 orcs
  3 ball pythons
  2 endoplasms (D:4)
  6 giant cockroaches
  5 hobgoblins
  18 jackals
  3 bats
  A frilled lizard (D:3)
  8 goblins
  12 kobolds
  6 rats
  A butterfly (D:5)
179 creatures vanquished.

Notes
Turn   | Place    | Note
-------+----------+-------------------------------------------
     0 | D:1      | Fodor the Minotaur Fighter began the quest for the Orb.
     0 | D:1      | Reached XP level 1. HP: 19/19 MP: 0/0
   361 | D:1      | Reached XP level 2. HP: 27/27 MP: 1/1
   504 | D:1      | Found a faded altar of an unknown god.
  1152 | D:2      | Reached XP level 3. HP: 32/33 MP: 2/2
  1960 | D:3      | Reached XP level 4. HP: 40/40 MP: 3/3
  1989 | D:3      | Reached skill level 1 in Maces & Flails
  1997 | D:3      | Reached skill level 1 in Dodging
  2051 | D:3      | Noticed Natasha
  2062 | D:3      | Killed Natasha
  2063 | D:3      | Reached XP level 5. HP: 23/46 MP: 4/4
  3131 | D:3      | Identified the +8 dagger "Anuplua" {distort, rN+}
  3347 | D:3      | Noticed Natasha
  3351 | D:3      | Killed Natasha
  3352 | D:3      | Reached skill level 2 in Maces & Flails
  3497 | D:4      | Found Estaatz's Antique Weapon Boutique.
  3529 | D:4      | Bought a war axe for 77 gold pieces
  3537 | D:4      | Noticed Blork the orc
  3551 | D:4      | Killed Blork the orc
  3552 | D:4      | Reached skill level 5 in Armour
  3552 | D:4      | Reached XP level 6. HP: 41/53 MP: 5/5
  3599 | D:4      | Found a white marble altar of Elyvilon.
  3688 | D:4      | Noticed Edmund
  3700 | D:4      | Reached skill level 1 in Axes
  3703 | D:4      | Reached skill level 3 in Maces & Flails
  3703 | D:4      | Reached skill level 5 in Shields
  3706 | D:4      | Killed Edmund
  3870 | D:4      | Found a runed translucent gate.
  3870 | D:4      | Found a runed translucent gate.
  3870 | D:4      | Found a runed translucent gate.
  3871 | D:4      | Noticed Age's ghost (weakling MiFi)
  3871 | D:4      | Noticed GoodGuyCap's ghost (amateur OpSh)
  3872 | D:4      | Noticed HilariousDeathArtist's ghost (amateur DgIE)
  3900 | D:4      | Reached XP level 7. HP: 60/60 MP: 6/6
  3970 | D:4      | Found a burning altar of Makhleb.
  4066 | D:5      | Entered Level 5 of the Dungeon
  4067 | D:5      | Found a shimmering altar of Xom.
  4202 | D:5      | Reached skill level 4 in Maces & Flails
  4514 | D:5      | Noticed a wyvern
  4519 | D:5      | Killed a wyvern
  4520 | D:5      | Reached skill level 5 in Maces & Flails
  4553 | D:5      | Found Koirocemn's Armour Boutique.
  4564 | D:5      | Bought a +0 pair of gloves for 49 gold pieces
  4599 | D:5      | Reached skill level 5 in Fighting
  4648 | D:5      | Reached XP level 8. HP: 68/68 MP: 7/7
  4686 | D:5      | Reached skill level 6 in Maces & Flails
  4879 | D:5      | Noticed Sigmund
  4886 | D:5      | Killed Sigmund
  4895 | D:5      | Reached skill level 1 in Stealth
  5130 | D:6      | Found a sparkling altar of Nemelex Xobeh.
  5130 | D:6      | Found a glowing silver altar of Zin.
  5145 | D:6      | Found a hazy altar of Hepliaklqana.
  5147 | D:6      | Found a basalt altar of Yredelemnul.
  5149 | D:6      | Found a shimmering blue altar of Sif Muna.
  5198 | D:6      | Reached skill level 7 in Maces & Flails
  5768 | D:6      | Upgraded the game from 0.31-a0-702-gf82c85558f to
                  | 0.31-a0-705-ga145531891
  5782 | D:7      | Found a staircase to the Ecumenical Temple.
  5857 | D:7      | Reached XP level 9. HP: 75/75 MP: 8/8
  5870 | D:7      | Reached skill level 8 in Maces & Flails
  5891 | Temple   | Entered the Ecumenical Temple
  5917 | Temple   | Became a worshipper of Gozag Ym Sagoz the Greedy
  6290 | D:7      | Noticed Maggie
  6305 | D:7      | Killed Maggie
  6306 | D:7      | Reached skill level 9 in Maces & Flails
  6306 | D:7      | Reached skill level 1 in Throwing
  6527 | D:7      | Found Wasogyit's Book Emporium.
  7101 | D:8      | Reached skill level 10 in Maces & Flails
  7143 | D:8      | Noticed Prince Ribbit
  7156 | D:8      | Killed Prince Ribbit
  7423 | D:8      | Reached XP level 10. HP: 18/84 MP: 9/9
  8287 | D:9      | Noticed a sun demon
  8305 | D:9      | Slain by a sun demon

Illustrated notes

Levels and vault maps discovered:
D:1:      spicycebolla_arrival_xxxplode, layout_loops_corners,
          shapermc_ecumenical_altar_hornbeckon
D:2:      layout_basic, minmay_misc_feat_tower
D:3:      layout_basic, uniq_natasha
D:4:      layout_rooms, elyvilon_altar_3, makhleb_heckhound_becter,
          gammafunk_ghost_cemetery, serial_shops, nicolae_shop_advertising_works
          [nicolae_subvault_shop_adworks], uniq_edmund, uniq_blork_the_orc
D:5:      layout_loops_corners, xom_butterflies, serial_shops,
          nicolae_shop_getting_attention, st_stairs_8, uniq_sigmund
D:6:      layout_basic, chequers_temple_overflow_minitemple,
          kennysheep_small_circle
D:7:      layout_loops_corners, minmay_temple_entry_drinking_statues,
          serial_shops, shop, uniq_maggie
D:8:      layout_basic, minmay_microvault, uniq_prince_ribbit1
D:9:      layout_loops_ring, lair_entry_dummy, serial_demonic, serial_demonic_b,
          serial_demonic_e, serial_demonic_g, serial_demonic_d,
          serial_demonic_d, serial_demonic_f, serial_demonic_f, disabler_island
Temple:   nicolae_temple_great_sept

Skill      XL: |  1  2  3  4  5  6  7  8  9 10 |
---------------+-------------------------------+-----
Armour         | 4 5 6 7 8 9 |  9.0
Shields        | 4 5 6 7 |  7.8
Fighting       | 4 5 6 7 |  7.0
Long Blades    | 3 |  3.5
Maces & Flails | 1 2 3 5 7 10 | 10.8
Dodging        | 1 3 |  3.7
Axes           | 2 |  2.7
Stealth        | 1 |  1.0
Throwing       | 1 |  1.4

Action                     |  1- 3 |  4- 6 |  7- 9 | 10-12 || total
---------------------------+-------+-------+-------+-------++-------
  Melee: Long sword        |    67 |       |       |       ||    67
         Headbutt          |    19 |    24 |    45 |     6 ||    94
         Flail             |    42 |    73 |   267 |     8 ||   390
         War axe           |       |    29 |       |       ||    29
         Morningstar       |       |       |       |    35 ||    35
         Punch             |       |       |       |     1 ||     1
   Fire: Orcbow            |       |       |       |     2 ||     2
  Throw: Dart              |     8 |     7 |     4 |       ||    19
    Use: Potion            |       |     1 |       |     2 ||     3
         Scroll            |       |       |    12 |       ||    12
 Armour: Scale mail        |   104 |   103 |       |       ||   207
         Chain mail        |       |       |   224 |    38 ||   262
  Dodge: Dodged            |    70 |    52 |    97 |    21 ||   240
  Block: Kite shield       |    71 |    65 |   123 |     2 ||   261
         Buckler           |     1 |       |       |       ||     1

Table legend: (Time is in decaauts)
 A = Elapsed time spent in this place.
 B = Non-inter-level travel time spent in this place.
 C = Inter-level travel time spent in this place.
 D = Time resting spent in this place.
 E = Time spent auto-exploring this place.
 F = Levels seen in this place.
 G = Mean time per level.
                   A        B        C        D        E       F      G
               +--------+--------+--------+--------+--------+-----+--------+
         Total |   8460 |   8022 |    438 |    760 |      0 |  10 |  846.0 |
       Dungeon |   8422 |   7984 |    438 |    760 |      0 |   9 |  935.8 |
        Temple |     37 |     37 |      0 |      0 |      0 |   1 |   37.0 |
               +--------+--------+--------+--------+--------+-----+--------+

Top non-repeatable levels by time:
     D:3: 1480 daAuts
     D:8: 1259 daAuts
     D:1: 1135 daAuts
     D:7: 1112 daAuts
     D:5: 1022 daAuts
     D:2: 871 daAuts
     D:6: 703 daAuts
     D:4: 701 daAuts
     D:9: 135 daAuts
  Temple: 37 daAuts
